 Dungeon Crawl Stone Soup version 0.21-a0-496-g696f58f (console) character file.

86293 zero the Severer (level 15, -7/98 HPs)
             Began as a Gargoyle Berserker on Nov 23, 2017.
             Was a High Priest of Trog.
             Mangled by an orc knight
             ... wielding a +1 halberd of chopping
              (23 damage)
             ... on level 2 of the Orcish Mines.
             The game lasted 00:12:30 (30215 turns).

zero the Severer (Gargoyle Berserker)              Turns: 30215, Time: 00:12:31

Health: -7/98      AC: 35    Str: 27    XL:     15   Next: 86%
Magic:  15/15      EV: 12    Int:  8    God:    Trog [*****.]
Gold:   2023       SH: 13    Dex:  9    Spells: 14/14 levels left

rFire    . . .     SeeInvis .   Y - +1 broad axe (drain)
rCold    . . .     Gourm    .   s - +0 shield
rNeg     + . .     Faith    .   l - +0 plate armour
rPois    ∞         Spirit   .   E - +2 helmet
rElec    +         Reflect  .   k - +0 cloak
rCorr    .         Harm     .   m - +0 pair of gloves
MR       ++++.                  G - +0 pair of boots
Stlth    ..........             (no amulet)
HPRegen  1.26/turn              A - ring of protection from magic
MPRegen  0.14/turn              c - +3 ring of evasion

@: berserk cooldown, flying, regenerating, slowed, very slow
A: big wings, negative energy resistance 1, electricity resistance, unbreathing,
petrification resistance, rot immunity, AC +11
a: Stop Flying, Berserk, Trog's Hand, Brothers in Arms, Burn Spellbooks,
Renounce Religion


You were on level 2 of the Orcish Mines.
You worshipped Trog.
Trog was extremely pleased with you.
You were near starving.

You visited 4 branches of the dungeon, and saw 24 of its levels.

You collected 2023 gold pieces.


Innate Abilities, Weirdness & Mutations

You are resistant to torment.
Your stone body is resilient. (AC +11)
You are immune to poison.
Your large and strong wings let you fly indefinitely.
You resist negative energy. (rN+)
You are resistant to electric shocks. (rElec)
You can survive without breathing.
You are immune to petrification.
You are immune to rotting.


   Skills:
 - Level 13.0 Fighting
 + Level 16.4 Axes
 - Level 13.0 Armour
 - Level 3.2 Dodging
 - Level 13.0 Shields


You had 14 spell levels left.
You didn't know any spells.

Inventory:

Hand Weapons
 u - a +1 morningstar of holy wrath
 x - a +0 war axe
 Y - a +1 broad axe of draining (weapon)
Missiles
 q - 2 silver javelins
 F - 3 steel javelins (quivered)
Armour
 k - a +0 cloak (worn)
 l - a +0 plate armour (worn)
 m - a +0 pair of gloves (worn)
 s - a +0 shield (worn)
 z - a +2 chain mail of poison resistance
 E - a +2 helmet (worn)
 G - a +0 pair of boots (worn)
Jewellery
 c - a +3 ring of evasion (right hand)
 g - an uncursed ring of ice
 v - an uncursed ring of ice
 A - a ring of protection from magic (left hand)
 H - an uncursed ring of positive energy
Wands
 j - a wand of paralysis (16)
Scrolls
 p - 7 scrolls of remove curse
 y - 5 scrolls of identify
 D - 3 scrolls of blinking
Potions
 a - 3 potions of resistance
 d - 2 potions of might
 h - 15 potions of curing
 o - 6 potions of cancellation
 r - 2 potions of mutation
 t - 2 potions of haste
Comestibles
 b - 3 chunks of flesh
 e - 7 bread rations
 i - 15 royal jellies
 n - 4 fruits
 w - 10 meat rations

Dungeon Overview and Level Annotations

Branches:
Dungeon (15/15)            Temple (1/1) D:4            Lair (6/6) D:11
 Shoals (0/4) Lair:4        Snake (0/4) Lair:4        Slime (0/5) Lair:5
    Orc (2/2) D:12            Elf (0/3) Orc:2        Vaults (0/5) D:14
 Depths: D:15

Altars:
Ashenzari
Cheibriados
Dithmenos
Elyvilon
Fedhas
Gozag
Hepliaklqana
Kikubaaqudgha
Makhleb
Nemelex Xobeh
Okawaru
Qazlal
Ru
Sif Muna
Trog
Uskayaw
Vehumet
Wu Jian
Xom
Yredelemnul
Zin
The Shining One
Beogh
Jiyva

Shops:
D:12 (   Orc:2 *

Annotations:
D:3 1 runed door
D:5 4 runed doors
D:8 2 runed doors


Message History

Trog accepts your kill.
Trog appreciates your killing of a magic user.
30214 ||| INVOKING Trog's Hand.
Your skin crawls.
You feel resistant to hostile enchantments.
You are near starving!
The orc sorcerer roars repeatedly.
The orc sorcerer mumbles some strange words.
The orc knight hits you with a war axe of chopping!
The orc knight hits your troll with a war axe of chopping.
You block the ynoxinul's attack.
The orc knight hits you from afar with a halberd of chopping.
Your troll bites the orc knight!
Your troll claws the orc knight! x2
The orc knight dies!
Trog accepts your kill.
Your life force feels restored.
You block the ynoxinul's attack.
You hit the ynoxinul.
The ynoxinul is lightly wounded.
The orc knight hits you from afar with a halberd of chopping!!
You die...

.........................)..#
.........................))#.
.............................
#######.###########..........
######.###### #......#.#.
#...........### #.......#.#
...####.####...## ##.........
#.######..####........#
#.#...###..##..........
#.#3o3T.##.###..#..##.#
#.#ooo@))#)# #......###
......##))()# ##....## .....
##))## ##..## .... #..# #...#
... ...# #)..# .. ##..#
##..## . ..## ##...# .\##
##...## ## ##.#..#####
#......#..# ########
#######..........


You could see an orc knight, an orc high priest, a smoke demon, a ynoxinul, an
orc sorcerer, an orc priest and a friendly troll (berserk).

Vanquished Creatures
  A storm dragon (D:14)
  An orc warlord (Orc:2)
  An ettin (D:14)
  Josephine (Orc:1)
  A yaktaur captain (D:14)
  Erolcha (D:11)
  3 hydras
  A catoblepas (Lair:5)
  4 two-headed ogres
  An ogre mage (D:15)
  2 dancing weapons (D:14)
  Erica (Orc:1)
  2 tengu warriors (D:14)
  6 centaur warriors
  3 death yaks (Lair:6)
  2 death knights
  2 orc high priests (Orc:2)
  2 unseen horrors
  2 wizards (D:15)
  3 deep elf magi
  2 necromancers
  3 orc knights
  The ghost of tof the Carver, a novice BaBe of Trog (D:6)
  An oklob plant (Lair:3)
  3 orc sorcerers
  A manticore (D:13)
  3 cyclopes (D:14)
  11 ugly things
  4 black mambas
  3 centaur zombies
  Maurice (D:10)
  7 elephants
  A naga mage (D:15)
  11 spiny frogs
  4 gargoyles
  2 rime drakes
  An efreet (D:13)
  5 komodo dragons
  5 polar bears (Lair:6)
  7 trolls
  A meliai (D:14)
  A queen bee (D:12)
  6 hornets
  The ghost of Ijustatesigmund the Skirmisher, an amateur OpAr (D:5)
  15 hippogriffs
  A raiju (shapeshifter) (D:15)
  3 slime creatures (D:14)
  6 blink frogs
  3 dream sheep (Lair:6)
  11 spriggans (Lair:6)
  21 yaks
  A shadow (D:9)
  6 wraiths
  3 wyverns
  A fire elemental (Lair:5)
  The ghost of theanonym the Chopper, an amateur HOFi (D:4)
  2 basilisks
  2 vampire mosquitoes
  A naga (Lair:4)
  2 hungry ghosts
  An acid dragon (D:15)
  A warg (Orc:1)
  6 water moccasins
  6 porcupines
  The ghost of noon the Skirmisher, an amateur OgSk (D:3)
  20 orc warriors
  9 sky beasts
  4 black bears
  4 phantoms
  A necrophage (D:15)
  6 ice beasts
  14 ogres
  2 boggarts (Lair:6)
  12 centaurs
  25 wolves
  7 crocodiles
  2 big kobolds
  A wyvern zombie (D:10)
  18 bullfrogs
  3 scorpions
  23 killer bees
  5 wights (D:6)
  An electric eel (Lair:3)
  2 howler monkeys
  6 crimson imps
  2 bullfrog zombies
  3 jellies
  2 quasits
  7 orc priests
  A bullfrog skeleton (D:8)
  9 centaur skeletons
  22 orc wizards
  5 hounds
  4 iguanas
  13 worker ants
  2 yak simulacra (Lair:2)
  3 polar bear simulacra (Lair:2)
  4 wolf simulacra (Lair:2)
  A hound zombie (D:7)
  2 hound skeletons
  8 gnolls (D:8)
  A howler monkey skeleton (D:5)
  11 adders
  8 shadow imps
  12 white imps (Lair:3)
  An ooze (D:5)
  An adder skeleton (D:5)
  A dart slug (D:5)
  4 leopard geckos
  49 orcs
  9 bats
  9 giant cockroaches
  8 goblins
  4 hobgoblins
  5 quokkas
  7 frilled lizards
  A jackal skeleton (D:5)
  14 kobolds
  2 quokka skeletons
  5 rats
  2 river rat simulacra (Lair:2)
  A bush (Lair:6)
  4 fungi
  2 plants
633 creatures vanquished.

Vanquished Creatures (collateral kills)
  4 hydras
  An orc sorcerer (Orc:2)
  An orc knight (Orc:2)
  An oklob plant (Lair:3)
  A spiny frog (Lair:6)
  An efreet (D:14)
  A polar bear (Lair:6)
  5 dream sheep (Lair:6)
  2 hornets
  A blink frog (Lair:6)
  A hippogriff (Lair:6)
  2 spriggans (Lair:6)
  2 yaks (Lair:6)
  An orc warrior (Orc:2)
  A boggart (Lair:6)
  An ogre (D:14)
  2 wolves (Lair:6)
  A crocodile (Lair:6)
  A bullfrog (D:14)
  A worker ant (D:14)
  A plant (Lair:3)
32 creatures vanquished.

Vanquished Creatures (others)
  8 fungi (Lair:6)
  2 plants (Lair:6)
10 creatures vanquished.

Grand Total: 675 creatures vanquished

Notes
Turn   | Place    | Note
-------+----------+-------------------------------------------
     0 | D:1      | zero the Gargoyle Berserker began the quest for the Orb.
     0 | D:1      | Reached XP level 1. HP: 14/14 MP: 1/1
     0 | D:1      | 0 ||| counter = 77
   244 | D:1      | Reached skill level 3 in Axes
   308 | D:1      | Reached XP level 2. HP: 19/19 MP: 2/2
   766 | D:1      | 766 ||| DROPPING club.
   826 | D:1      | Reached XP level 3. HP: 23/23 MP: 3/3
  1234 | D:1      | 1234 ||| EATING royal jelly.
  1247 | D:1      | 1247 ||| READING scroll labeled KOLIGR XUMAHOWE.
  1248 | D:1      | 1248 ||| READING scroll labeled SUCIAR HERRI.
  1249 | D:1      | 1249 ||| READING scroll labeled PAARGH AGRULL.
  1250 | D:1      | 1250 ||| READING 2 scrolls labeled IMAONT INWAN.
  1289 | D:2      | Reached skill level 4 in Axes
  1311 | D:2      | Reached ** piety under Trog
  1838 | D:2      | You fall through a shaft for 2 floors!
  1839 | D:4      | 1839 ||| Shafted from D:2 to D:4.
  1843 | D:4      | Reached XP level 4. HP: 28/28 MP: 4/4
  1850 | D:4      | 1850 ||| INVOKING Berserk.
  2019 | D:4      | Reached skill level 5 in Axes
  2019 | D:4      | Reached XP level 5. HP: 29/32 MP: 5/5
  2170 | D:2      | 2170 ||| Successfully unshafted to D:2.
  2559 | D:2      | 2559 ||| UPGRADING to buckler.
  2564 | D:2      | 2564 ||| UPGRADING to ring mail.
  2574 | D:2      | 2574 ||| DROPPING +0 animal skin.
  2575 | D:2      | 2575 ||| UPGRADING to runed ring mail.
  2585 | D:2      | 2585 ||| DROPPING +0 ring mail.
  2586 | D:2      | 2586 ||| DRINKING 2 fuming yellow potions.
  2658 | D:3      | 2658 ||| INVOKING Berserk.
  2685 | D:3      | Reached skill level 1 in Shields
  2732 | D:3      | Noticed noon's ghost (amateur OgSk)
  2745 | D:3      | 2745 ||| STAIRDANCE
  2868 | D:2      | 2868 ||| EATING royal jelly.
  2871 | D:3      | 2871 ||| INVOKING Berserk.
  2872 | D:3      | 2872 ||| STAIRDANCE
  2963 | D:3      | 2963 ||| STAIRDANCE
  3034 | D:3      | 3034 ||| INVOKING Berserk.
  3036 | D:3      | 3036 ||| STAIRDANCE
  3038 | D:2      | 3038 ||| EATING 4 bread rations.
  3154 | D:3      | 3154 ||| INVOKING Berserk.
  3162 | D:3      | 3162 ||| STAIRDANCE
  3298 | D:3      | 3298 ||| DROPPING whip.
  3320 | D:3      | Found a sparkling altar of Nemelex Xobeh.
  3372 | D:3      | 3372 ||| INVOKING Berserk.
  3382 | D:3      | Killed noon's ghost
  3382 | D:3      | Reached skill level 3 in Shields
  3382 | D:3      | Reached XP level 6. HP: 38/38 MP: 6/6
  3521 | D:3      | Found a shimmering altar of Xom.
  3674 | D:3      | Found a faded altar of an unknown god.
  3766 | D:3      | Found a runed door.
  3849 | D:3      | Reached *** piety under Trog
  3921 | D:3      | Found an opulent altar of Gozag.
  4098 | D:3      | 4098 ||| UPGRADING to chain mail.
  4108 | D:3      | 4108 ||| READING scroll labeled MEGHOSTR BETIO.
  4109 | D:3      | 4109 ||| DRINKING 2 metallic coppery potions.
  4110 | D:3      | 4110 ||| DRINKING 2 sedimented coppery potions.
  4111 | D:3      | 4111 ||| READING 3 scrolls of identify.
  4111 | D:3      | 4111 ||| IDENTIFYING sedimented cyan potion
  4112 | D:3      | 4112 ||| READING 2 scrolls of identify.
  4112 | D:3      | 4112 ||| IDENTIFYING brown potion
  4113 | D:3      | 4113 ||| DROPPING potion of brilliance.
  4114 | D:3      | 4114 ||| DROPPING potion of agility.
  4188 | D:4      | 4188 ||| INVOKING Berserk.
  4189 | D:4      | Noticed theanonym's ghost (amateur HOFi)
  4206 | D:4      | Killed theanonym's ghost
  4206 | D:4      | Reached skill level 6 in Axes
  4206 | D:4      | Reached XP level 7. HP: 25/43 MP: 7/7
  4207 | D:4      | 4207 ||| EATING royal jelly.
  4351 | D:4      | Found a staircase to the Ecumenical Temple.
  4362 | D:4      | 4362 ||| INVOKING Berserk.
  4432 | Temple   | Entered the Ecumenical Temple
  4433 | Temple   | 4433 ||| Entered T.
  4599 | D:4      | Found an iron altar of Okawaru.
  4599 | D:4      | Found a hide-covered altar of Uskayaw.
  4683 | D:4      | 4683 ||| DROPPING flail.
  4943 | D:4      | 4943 ||| DRINKING potion of curing.
  4943 | D:4      | 4943 ||| (to cure confusion)
  4950 | D:4      | 4950 ||| INVOKING Berserk.
  5071 | D:4      | Found a stormy altar of Qazlal.
  5106 | D:4      | Reached skill level 7 in Axes
  5326 | D:4      | 5326 ||| READING 2 scrolls labeled AKYRASY ULUC.
  5327 | D:4      | 5327 ||| READING scroll labeled YGOUFE WETWO.
  5330 | D:4      | 5330 ||| READING scroll labeled VUMAR VADY.
  5331 | D:4      | 5331 ||| READING 2 scrolls of identify.
  5331 | D:4      | 5331 ||| IDENTIFYING orange potion
  5332 | D:4      | 5332 ||| DROPPING scroll of fear.
  5371 | D:5      | Entered Level 5 of the Dungeon
  5371 | D:5      | Noticed Ijustatesigmund's ghost (amateur OpAr)
  5376 | D:5      | 5376 ||| INVOKING Berserk.
  5383 | D:5      | Killed Ijustatesigmund's ghost
  5383 | D:5      | Reached XP level 8. HP: 50/50 MP: 8/8
  5387 | D:5      | 5387 ||| STAIRDANCE
  5493 | D:4      | 5493 ||| EATING 3 bread rations.
  5507 | D:5      | 5507 ||| INVOKING Burn Spellbooks.
  5519 | D:5      | 5519 ||| INVOKING Berserk.
  5522 | D:5      | Reached skill level 3 in Armour
  5548 | D:5      | 5548 ||| STAIRDANCE
  5716 | D:5      | 5716 ||| INVOKING Berserk.
  5727 | D:5      | Reached skill level 8 in Axes
  5741 | D:5      | HP: 10/51 [something/magic dart (5)]
  5744 | D:5      | 5744 ||| Stepping randomly (disturbance).
  5745 | D:5      | 5745 ||| Stepping randomly (disturbance).
  5747 | D:5      | 5747 ||| Stepping randomly (disturbance).
  6039 | D:5      | Found a large runed door.
  6040 | D:5      | Found a large runed door.
  6056 | D:5      | 6056 ||| INVOKING Berserk.
  6060 | D:5      | Reached skill level 6 in Fighting
  6061 | D:5      | 6061 ||| EATING 2 bread rations.
  6231 | D:5      | Found a large runed door.
  6231 | D:5      | Found a large runed door.
  6357 | D:5      | Found an ornate altar of the Wu Jian Council.
  6589 | D:5      | 6589 ||| STAIRDANCE
  6677 | D:4      | 6677 ||| UPGRADING to pair of gloves.
  6682 | D:4      | 6682 ||| DRINKING 2 fuming pink potions.
  6700 | D:5      | 6700 ||| STAIRDANCE
  6875 | D:5      | Reached XP level 9. HP: 44/55 MP: 9/9
  7168 | D:5      | 7168 ||| EATING 3 fruits.
  7530 | D:5      | 7530 ||| UPGRADING to shield.
  7540 | D:5      | 7540 ||| DROPPING +0 buckler.
  7541 | D:5      | 7541 ||| READING scroll labeled YTAOPT GERPHETU.
  7683 | D:6      | Noticed tof's ghost (novice BaBe)
  7687 | D:6      | 7687 ||| INVOKING Berserk.
  7706 | D:6      | Killed tof's ghost
  7706 | D:6      | Reached skill level 6 in Shields
  7759 | D:6      | 7759 ||| UPGRADING to morningstar.
  7760 | D:6      | 7760 ||| SWAPPING to +1 hand axe.
  7761 | D:6      | 7761 ||| UPGRADING to runed morningstar.
  7762 | D:6      | 7762 ||| SWAPPING to +1 hand axe.
  7763 | D:6      | 7763 ||| DROPPING +0 morningstar.
  7821 | D:6      | 7821 ||| INVOKING Berserk.
  7827 | D:6      | Reached **** piety under Trog
  7836 | D:6      | Reached skill level 9 in Axes
  8040 | D:6      | Found an ancient bone altar of Kikubaaqudgha.
  8085 | D:6      | 8085 ||| INVOKING Berserk.
  8463 | D:6      | 8463 ||| DRINKING 2 murky black potions.
  8544 | D:6      | 8544 ||| EATING 2 fruits.
  8545 | D:6      | 8545 ||| READING 3 scrolls of identify.
  8545 | D:6      | 8545 ||| IDENTIFYING bubbling white potion
  8546 | D:6      | 8546 ||| READING 2 scrolls of identify.
  8546 | D:6      | 8546 ||| IDENTIFYING ruby potion
  8547 | D:6      | 8547 ||| DROPPING potion of berserk rage.
  9077 | D:7      | 9077 ||| STAIRDANCE
  9112 | D:6      | 9112 ||| READING scroll labeled COXZIM HEIRCH.
  9113 | D:6      | 9113 ||| EATING fruit.
  9114 | D:6      | 9114 ||| READING scroll of identify.
  9114 | D:6      | 9114 ||| IDENTIFYING notched agate ring
  9115 | D:6      | 9115 ||| UPGRADING to ring of positive energy.
  9393 | D:7      | 9393 ||| EATING royal jelly.
  9509 | D:8      | 9509 ||| INVOKING Berserk.
  9657 | D:8      | Noticed a two-headed ogre
  9662 | D:8      | 9662 ||| INVOKING Berserk.
  9667 | D:8      | Reached XP level 10. HP: 63/63 MP: 10/10
  9675 | D:8      | Killed a two-headed ogre
  9675 | D:8      | Reached skill level 10 in Axes
  9692 | D:8      | 9692 ||| EATING 6 meat rations.
  9943 | D:8      | 9943 ||| INVOKING Berserk.
 10174 | D:8      | 10174 ||| SWAPPING to uncursed war axe.
 10175 | D:8      | 10175 ||| DROPPING +1 hand axe.
 10238 | D:8      | Found a runed door.
 10252 | D:8      | Found a runed door.
 10902 | D:8      | 10902 ||| UPGRADING to helmet.
 10907 | D:8      | 10907 ||| DROPPING +2 ring mail of cold resistance.
 10908 | D:8      | 10908 ||| UPGRADING to plate armour.
 10918 | D:8      | 10918 ||| DROPPING +0 chain mail.
 10919 | D:8      | 10919 ||| READING scroll labeled ISALUUMICK.
 10920 | D:8      | 10920 ||| READING 2 scrolls of identify.
 10920 | D:8      | 10920 ||| IDENTIFYING dented fluorescent amulet
 10921 | D:8      | 10921 ||| DROPPING cursed amulet of inaccuracy.
 10922 | D:8      | 10922 ||| READING scroll of identify.
 10922 | D:8      | 10922 ||| IDENTIFYING shiny cabochon ring
 11051 | D:9      | Noticed a two-headed ogre
 11088 | D:9      | 11088 ||| INVOKING Berserk.
 11095 | D:9      | Killed a two-headed ogre
 11095 | D:9      | Received a gift from Trog
 11095 | D:9      | Reached skill level 6 in Armour
 11235 | D:9      | Reached ***** piety under Trog
 11728 | D:9      | 11728 ||| INVOKING Burn Spellbooks.
 11776 | D:9      | 11776 ||| UPGRADING to glowing marble ring.
 11826 | D:10     | Entered Level 10 of the Dungeon
 11852 | D:10     | Noticed Maurice
 11873 | D:10     | 11873 ||| EATING 6 meat rations.
 11888 | D:10     | 11888 ||| EATING 5 meat rations.
 11891 | D:10     | Reached skill level 9 in Fighting
 11891 | D:10     | Reached XP level 11. HP: 63/71 MP: 11/11
 11901 | D:10     | Paralysed by something for 4 turns
 11925 | D:10     | 11925 ||| INVOKING Berserk.
 12029 | D:10     | 12029 ||| Invisible monster not found???
 12047 | D:10     | Killed Maurice
 12048 | D:10     | Reached skill level 9 in Shields
 12127 | D:10     | 12127 ||| EATING 3 fruits.
 12154 | D:10     | 12154 ||| SWAPPING to broad axe.
 12155 | D:10     | 12155 ||| DROPPING +0 war axe.
 12548 | D:10     | 12548 ||| UPGRADING to cloak.
 12721 | D:11     | 12721 ||| STAIRDANCE
 12811 | D:11     | 12811 ||| STAIRDANCE
 12904 | D:11     | 12904 ||| INVOKING Berserk.
 12913 | D:11     | Reached skill level 11 in Axes
 13024 | D:11     | 13024 ||| INVOKING Berserk.
 13133 | D:11     | 13133 ||| EATING 4 fruits.
 13137 | D:11     | Found a staircase to the Lair.
 13302 | D:11     | Killed an unseen horror
 13303 | D:11     | 13303 ||| EATING 5 fruits.
 13392 | D:11     | Reached skill level 9 in Armour
 13485 | D:11     | 13485 ||| STAIRDANCE
 13503 | D:10     | 13503 ||| STAIRDANCE
 13513 | D:9      | 13513 ||| INVOKING Berserk.
 13746 | D:9      | 13746 ||| UPGRADING to golden ring.
 13748 | D:9      | 13748 ||| REMOVING ring of wizardry.
 13749 | D:9      | 13749 ||| DROPPING ring of wizardry.
 13750 | D:9      | 13750 ||| UPGRADING to ring of positive energy.
 13795 | Lair:1   | Entered Level 1 of the Lair of Beasts
 13796 | Lair:1   | 13796 ||| Entered L.
 13799 | Lair:1   | Received a gift from Trog
 13916 | Lair:1   | 13916 ||| INVOKING Berserk.
 13979 | Lair:1   | 13979 ||| EATING 4 fruits.
 14035 | Lair:1   | 14035 ||| INVOKING Berserk.
 14629 | Lair:1   | 14629 ||| INVOKING Berserk.
 14751 | Lair:1   | 14751 ||| EATING 11 fruits.
 14933 | Lair:1   | 14933 ||| READING scroll labeled NONGOR SUXKEIM.
 15034 | Lair:1   | 15034 ||| READING 2 scrolls of identify.
 15034 | Lair:1   | 15034 ||| IDENTIFYING sedimented blue potion
 15035 | Lair:1   | 15035 ||| DROPPING potion of invisibility.
 15088 | Lair:2   | 15088 ||| READING scroll of enchant weapon.
 15088 | Lair:2   | 15088 ||| ENCHANTING +0 broad axe.
 15195 | Lair:2   | 15195 ||| INVOKING Berserk.
 15198 | Lair:2   | Reached XP level 12. HP: 76/76 MP: 12/12
 15206 | Lair:2   | Reached skill level 12 in Axes
 15277 | Lair:2   | 15277 ||| EATING 10 fruits.
 15781 | Lair:2   | 15781 ||| EATING 9 fruits.
 16213 | Lair:2   | 16213 ||| UPGRADING to ring of ice.
 16215 | Lair:2   | 16215 ||| REMOVING ring of ice.
 16216 | Lair:2   | 16216 ||| UPGRADING to twisted diamond ring.
 16217 | Lair:2   | 16217 ||| READING 2 scrolls of identify.
 16217 | Lair:2   | 16217 ||| IDENTIFYING white potion
 16218 | Lair:2   | 16218 ||| DROPPING potion of degeneration.
 16257 | Lair:3   | 16257 ||| INVOKING Brothers in Arms.
 16258 | Lair:3   | 16258 ||| INVOKING Brothers in Arms.
 16259 | Lair:3   | 16259 ||| EATING 8 fruits.
 16273 | Lair:3   | 16273 ||| INVOKING Berserk.
 16331 | Lair:3   | 16331 ||| EATING 7 fruits.
 16660 | Lair:3   | Found a frozen archway.
 16662 | Lair:3   | Received a gift from Trog
 17468 | Lair:3   | 17468 ||| UPGRADING to embroidered scarf.
 17478 | Lair:3   | 17478 ||| UPGRADING to +0 cloak.
 17488 | Lair:3   | 17488 ||| DROPPING scarf of spirit shield.
 17489 | Lair:3   | 17489 ||| READING 2 scrolls of identify.
 17489 | Lair:3   | 17489 ||| IDENTIFYING golden potion
 17490 | Lair:3   | 17490 ||| DROPPING potion of magic.
 17568 | Lair:4   | 17568 ||| INVOKING Berserk.
 17587 | Lair:4   | 17587 ||| READING 2 scrolls of teleportation.
 17589 | Lair:4   | 17589 ||| EATING 6 fruits.
 17662 | Lair:4   | 17662 ||| EATING 5 fruits.
 17768 | Lair:4   | Noticed a six-headed hydra
 17769 | Lair:4   | 17769 ||| INVOKING Brothers in Arms.
 17771 | Lair:4   | 17771 ||| SWAPPING to +1 morningstar of holy wrath.
 17772 | Lair:4   | 17772 ||| INVOKING Berserk.
 17775 | Lair:4   | Killed a six-headed hydra
 17776 | Lair:4   | 17776 ||| EATING 4 fruits.
 17780 | Lair:4   | 17780 ||| SWAPPING to +1 broad axe.
 17831 | Lair:4   | 17831 ||| EATING 3 fruits.
 17955 | Lair:4   | Found a staircase to the Snake Pit.
 17989 | Lair:4   | 17989 ||| INVOKING Berserk.
 18000 | Lair:4   | 18000 ||| EATING 2 fruits.
 18257 | Lair:4   | Found a staircase to the Shoals.
 18493 | Lair:4   | 18493 ||| UPGRADING to pair of boots.
 18498 | Lair:4   | 18498 ||| READING 3 scrolls of remove curse.
 18499 | Lair:4   | 18499 ||| READING scroll labeled MOJOASCHOSHRA.
 18500 | Lair:4   | 18500 ||| READING scroll labeled BOL PYDYTAPLA.
 18500 | Lair:4   | Identified a scroll of acquirement
 18501 | Lair:4   | Got a faintly humming hat
 18502 | Lair:4   | 18502 ||| UPGRADING to faintly humming hat.
 18512 | Lair:4   | Identified the -2 hat of the Lonely Queens {MR+} (You acquired it on level 4 of the Lair of Beasts)
 18512 | Lair:4   | 18512 ||| UPGRADING to +0 helmet.
 18522 | Lair:4   | 18522 ||| DROPPING -2 hat of the Lonely Queens {MR+}.
 18523 | Lair:4   | 18523 ||| READING scroll labeled XUFUIFA PIANYQ.
 18589 | Lair:5   | Noticed a catoblepas
 18611 | Lair:5   | Found an ancient bone altar of Kikubaaqudgha.
 18616 | Lair:5   | 18616 ||| INVOKING Berserk.
 18624 | Lair:5   | Killed a catoblepas
 18624 | Lair:5   | Reached skill level 13 in Axes
 19052 | Lair:5   | Found a viscous altar of Jiyva.
 19053 | Lair:5   | Found a staircase to the Slime Pits.
 19446 | Lair:5   | 19446 ||| UPGRADING to embroidered hat.
 19456 | Lair:5   | 19456 ||| UPGRADING to +0 helmet.
 19466 | Lair:5   | 19466 ||| DROPPING +1 hat.
 19467 | Lair:5   | 19467 ||| UPGRADING to shiny helmet.
 19477 | Lair:5   | 19477 ||| DROPPING +0 helmet.
 19506 | Lair:6   | Entered Level 6 of the Lair of Beasts
 19506 | Lair:6   | Noticed a seven-headed hydra
 19507 | Lair:6   | 19507 ||| INVOKING Brothers in Arms.
 19510 | Lair:6   | 19510 ||| SWAPPING to +1 morningstar of holy wrath.
 19511 | Lair:6   | 19511 ||| READING scroll of teleportation.
 19514 | Lair:6   | Noticed an eight-headed hydra
 19514 | Lair:6   | 19514 ||| INVOKING Brothers in Arms.
 19519 | Lair:6   | Killed a nine-headed hydra
 19519 | Lair:6   | Reached XP level 13. HP: 57/84 MP: 13/13
 19520 | Lair:6   | 19520 ||| SWAPPING to +1 broad axe.
 19533 | Lair:6   | 19533 ||| EATING 2 fruits.
 19655 | Lair:6   | 19655 ||| INVOKING Brothers in Arms.
 19659 | Lair:6   | 19659 ||| SWAPPING to +1 morningstar of holy wrath.
 19661 | Lair:6   | 19661 ||| INVOKING Brothers in Arms.
 19664 | Lair:6   | 19664 ||| INVOKING Brothers in Arms.
 19665 | Lair:6   | 19665 ||| INVOKING Brothers in Arms.
 19666 | Lair:6   | 19666 ||| EATING 7 bread rations.
 19667 | Lair:6   | 19667 ||| INVOKING Berserk.
 19677 | Lair:6   | 19677 ||| SWAPPING to +1 broad axe.
 19935 | Lair:6   | 19935 ||| INVOKING Berserk.
 20655 | Lair:6   | 20655 ||| INVOKING Brothers in Arms.
 20680 | Lair:6   | 20680 ||| INVOKING Brothers in Arms.
 20687 | Lair:6   | 20687 ||| INVOKING Berserk.
 20693 | Lair:6   | Received a gift from Trog
 20712 | Lair:6   | 20712 ||| INVOKING Brothers in Arms.
 20713 | Lair:6   | 20713 ||| SWAPPING to +1 morningstar of holy wrath.
 20714 | Lair:6   | HP: 17/84 [spriggan rider/spear (12)]
 20714 | Lair:6   | HP: 7/84 [spriggan rider/spear (10)]
 20715 | Lair:6   | 20715 ||| DRINKING 2 potions of heal wounds.
 20716 | Lair:6   | 20716 ||| Stepping ~*~*~tactically~*~*~ (outnumbered).
 20718 | Lair:6   | 20718 ||| INVOKING Brothers in Arms.
 20719 | Lair:6   | 20719 ||| INVOKING Brothers in Arms.
 20720 | Lair:6   | 20720 ||| Stepping ~*~*~tactically~*~*~ (outnumbered).
 20723 | Lair:6   | 20723 ||| SWAPPING to +1 broad axe.
 20728 | Lair:6   | Reached skill level 14 in Axes
 20731 | Lair:6   | HP: 20/84 [spriggan rider/spear (5)]
 20732 | Lair:6   | 20732 ||| DRINKING potion of heal wounds.
 20752 | Lair:6   | HP: 20/84 [komodo dragon[a boggart] (3)]
 20757 | Lair:6   | 20757 ||| EATING 6 bread rations.
 20759 | Lair:6   | Reached skill level 3 in Dodging
 20795 | Lair:6   | 20795 ||| INVOKING Berserk.
 21015 | Lair:6   | 21015 ||| INVOKING Berserk.
 21020 | Lair:6   | 21020 ||| EATING fruit.
 21156 | Lair:6   | 21156 ||| EATING 11 royal jellies.
 21372 | Lair:6   | 21372 ||| INVOKING Berserk.
 21476 | Lair:6   | 21476 ||| INVOKING Burn Spellbooks.
 21541 | Lair:6   | 21541 ||| INVOKING Berserk.
 21841 | Lair:6   | 21841 ||| INVOKING Brothers in Arms.
 21843 | Lair:6   | 21843 ||| SWAPPING to +1 morningstar of holy wrath.
 21845 | Lair:6   | 21845 ||| INVOKING Berserk.
 21847 | Lair:6   | Gained mutation: Your large and strong wings let you fly indefinitely. [Gargoyle growth]
 21847 | Lair:6   | Reached XP level 14. HP: 90/90 MP: 14/14
 21851 | Lair:6   | 21851 ||| SWAPPING to +1 broad axe.
 21959 | Lair:6   | 21959 ||| INVOKING Fly.
 21959 | Lair:6   | 21959 ||| FLYING.
 22401 | D:11     | 22401 ||| INVOKING Burn Spellbooks.
 22405 | D:11     | 22405 ||| EATING 10 royal jellies.
 22517 | D:11     | Noticed Erolcha
 22523 | D:11     | 22523 ||| INVOKING Trog's Hand.
 22524 | D:11     | 22524 ||| INVOKING Berserk.
 22528 | D:11     | Killed Erolcha
 22741 | D:12     | 22741 ||| STAIRDANCE
 22764 | D:12     | 22764 ||| STAIRDANCE
 22779 | D:12     | 22779 ||| STAIRDANCE
 22820 | D:12     | Found a staircase to the Orcish Mines.
 22903 | D:12     | 22903 ||| STAIRDANCE
 22934 | D:12     | 22934 ||| STAIRDANCE
 22944 | D:11     | Reached skill level 15 in Axes
 22954 | D:12     | 22954 ||| STAIRDANCE
 23012 | D:12     | Found Tacs's Weapon Emporium.
 23212 | D:12     | 23212 ||| INVOKING Berserk.
 23834 | D:13     | 23834 ||| STAIRDANCE
 23883 | D:12     | 23883 ||| EATING 18 royal jellies.
 24031 | D:13     | Reached skill level 12 in Fighting
 24655 | D:13     | Received a gift from Trog
 25095 | D:13     | 25095 ||| INVOKING Brothers in Arms.
 25096 | D:13     | 25096 ||| SWAPPING to +1 morningstar of holy wrath.
 25097 | D:13     | 25097 ||| INVOKING Berserk.
 25102 | D:13     | Reached skill level 12 in Shields
 25103 | D:13     | 25103 ||| EATING 17 royal jellies.
 25107 | D:13     | 25107 ||| SWAPPING to +1 broad axe.
 25129 | D:13     | 25129 ||| READING 3 scrolls of teleportation.
 25291 | D:13     | 25291 ||| UPGRADING to marble ring.
 25293 | D:13     | 25293 ||| REMOVING ring of flight.
 25294 | D:13     | 25294 ||| DROPPING ring of flight.
 25295 | D:13     | 25295 ||| UPGRADING to ring of positive energy.
 25296 | D:13     | 25296 ||| UPGRADING to ring of protection from magic.
 25298 | D:13     | 25298 ||| READING scroll labeled MOUFRA LUMI.
 25299 | D:13     | 25299 ||| READING 3 scrolls of identify.
 25299 | D:13     | 25299 ||| IDENTIFYING metallic emerald potion
 25300 | D:13     | 25300 ||| DROPPING potion of flight.
 25361 | D:14     | 25361 ||| INVOKING Brothers in Arms.
 25362 | D:14     | 25362 ||| SWAPPING to +1 morningstar of holy wrath.
 25363 | D:14     | 25363 ||| INVOKING Berserk.
 25364 | D:14     | 25364 ||| EATING 7 bread rations.
 25377 | D:14     | 25377 ||| SWAPPING to +1 broad axe.
 25547 | D:14     | 25547 ||| INVOKING Berserk.
 25563 | D:14     | 25563 ||| READING 2 scrolls of teleportation.
 25564 | D:14     | Reached skill level 12 in Armour
 25578 | D:14     | 25578 ||| READING scroll of teleportation.
 25582 | D:14     | 25582 ||| INVOKING Brothers in Arms.
 25860 | D:14     | Found a gate to the Vaults.
 26330 | D:14     | 26330 ||| STAIRDANCE
 26585 | D:14     | Noticed a storm dragon
 26591 | D:14     | 26591 ||| INVOKING Berserk.
 26596 | D:14     | Reached XP level 15. HP: 73/96 MP: 15/15
 26601 | D:14     | Killed a storm dragon
 26601 | D:14     | Reached skill level 16 in Axes
 26602 | D:14     | 26602 ||| EATING 2 fruits.
 26717 | D:14     | 26717 ||| EATING fruit.
 26740 | D:14     | 26740 ||| INVOKING Berserk.
 26761 | D:14     | 26761 ||| EATING 19 royal jellies.
 26826 | D:14     | 26826 ||| INVOKING Berserk.
 27047 | D:14     | 27047 ||| INVOKING Burn Spellbooks.
 27136 | D:14     | 27136 ||| DROPPING 9 tomahawks of returning.
 27137 | D:14     | 27137 ||| DROPPING 10 tomahawks.
 27201 | D:15     | Entered Level 15 of the Dungeon
 27267 | D:15     | 27267 ||| INVOKING Berserk.
 27288 | D:15     | 27288 ||| READING scroll of teleportation.
 27289 | D:15     | HP: 20/98 [acid (8)]
 27438 | D:15     | 27438 ||| STAIRDANCE
 27440 | D:14     | 27440 ||| EATING 18 royal jellies.
 27640 | D:15     | 27640 ||| INVOKING Trog's Hand.
 27641 | D:15     | 27641 ||| INVOKING Berserk.
 27669 | D:15     | 27669 ||| EATING 17 royal jellies.
 27787 | D:15     | Found a shadowy altar of Dithmenos.
 27848 | D:15     | 27848 ||| STAIRDANCE
 28086 | D:15     | 28086 ||| INVOKING Trog's Hand.
 28298 | D:15     | 28298 ||| INVOKING Trog's Hand.
 28349 | D:15     | 28349 ||| READING scroll labeled YCZUOM IZADOL.
 28350 | D:15     | 28350 ||| READING scroll labeled RUBLIS ZIOSI.
 28351 | D:15     | 28351 ||| Stepping randomly (stuck).
 28632 | Orc:1    | Entered Level 1 of the Orcish Mines
 28633 | Orc:1    | 28633 ||| Entered O.
 28637 | Orc:1    | Noticed Erica
 28637 | Orc:1    | 28637 ||| STAIRDANCE
 28643 | Orc:1    | 28643 ||| STAIRDANCE
 28750 | D:12     | 28750 ||| Invisible monster not found???
 28750 | D:12     | 28750 ||| EATING 17 royal jellies.
 28761 | Orc:1    | Killed Erica
 28820 | Orc:1    | Found a roughly hewn altar of Beogh.
 29038 | Orc:1    | 29038 ||| INVOKING Trog's Hand.
 29039 | Orc:1    | 29039 ||| INVOKING Berserk.
 29127 | Orc:1    | Noticed Josephine
 29137 | Orc:1    | Killed Josephine
 29142 | Orc:1    | 29142 ||| EATING 16 royal jellies.
 29270 | Orc:1    | 29270 ||| UPGRADING to hand axe.
 29271 | Orc:1    | 29271 ||| SWAPPING to +1 broad axe of draining.
 29325 | Orc:1    | Received a gift from Trog
 29537 | Orc:2    | Entered Level 2 of the Orcish Mines
 29537 | Orc:2    | Found a staircase to the Elven Halls.
 29931 | Orc:2    | Noticed an orc warlord
 29936 | Orc:2    | 29936 ||| INVOKING Brothers in Arms.
 29940 | Orc:2    | 29940 ||| INVOKING Berserk.
 29950 | Orc:2    | Killed an orc warlord
 30012 | Orc:2    | 30012 ||| DROPPING +0 hand axe.
 30013 | Orc:2    | 30013 ||| UPGRADING to war axe.
 30014 | Orc:2    | 30014 ||| SWAPPING to +1 broad axe of draining.
 30030 | Orc:2    | Found a roughly hewn altar of Beogh.
 30154 | Orc:2    | Found Fontyuh's Assorted Antiques.
 30161 | Orc:2    | 30161 ||| INVOKING Trog's Hand.
 30162 | Orc:2    | 30162 ||| INVOKING Berserk.
 30207 | Orc:2    | 30207 ||| INVOKING Brothers in Arms.
 30212 | Orc:2    | 30212 ||| INVOKING Brothers in Arms.
 30213 | Orc:2    | 30213 ||| EATING 7 bread rations.
 30214 | Orc:2    | 30214 ||| INVOKING Trog's Hand.
 30214 | Orc:2    | HP: 24/98 [orc knight/war axe of chopping (10)]
 30215 | Orc:2    | Mangled by an orc knight

Vault maps used:
D:1:      tarquinn_simple_flora_water_d
D:2:      first_bread, st_stairs_3
D:3:      lemuel_crystal_altar, nemelex_altar_shiori,
          chequers_ecumenical_altar_twisty, xom_teletrap_fun,
          uniq_crazy_yiuf_cottage
D:4:      gammafunk_temple_overflow_wave, minmay_temple_entry_grid,
          hangedman_decor_riveting, grunt_ministairs_14,
          nicolae_qazlal_eye_of_the_storm
D:5:      old_standard_altar, minmay_hollow_rounded_squares
D:6:      kiku_gazebo_pond_becter
D:8:      lemuel_insect_pit
D:10:     uniq_maurice
D:11:     david_lair_generic, lab_entry_generic, uniq_erolcha
D:12:     serial_shops, shop, david_nohive_1
D:13:     wad_arrow_thing
D:14:     evilmike_diamond_1, erik_vaults_1, due_unseen_surprise
D:15:     grunt_enter_depths_magical_seal, grunt_dithmenos_smoke,
          grunt_tough_drop
Temple:   compressed_dpeg_circular_temple
Lair:1:   lemuel_fruit_tree
Lair:2:   serial_bayou_ford_a, eino_house_with_fridge, grunt_megastairs_1,
          infiniplex_staircase_pool_2
Lair:3:   portal_ice_cave_entry_imps, minivault_23, minmay_lair_oklob_chamber,
          serial_bayou_shore_b, serial_bayou_shore_a
Lair:4:   shoals_dummy_entry, guppyfry_snake_entry_garden, minivault_11
Lair:5:   dpeg_slime_entry_enclosed_altar, basic_altar
Lair:6:   minmay_lair_end_enchanted_forest, nicolae_volcano_entry_s_turn
Orc:1:    mines1_david, uniq_erica, uniq_josephine
Orc:2:    st_orc_elflike, hangedman_feature_mirror

Skill      XL: |  1  2  3  4  5  6  7  8  9 10 11 12 13 14 15 |
---------------+----------------------------------------------+-----
Axes           | 3 4 5 6 7 8 9 10 11 13 14 15 16 | 16.4
Shields        | 3 4 7 8 9 10 11 12 13 | 13.0
Fighting       | 4 5 6 7 9 11 12 13 | 13.0
Armour         | 4 5 7 9 10 11 12 13 | 13.0
Dodging        | 2 3 |  3.2

Action                   |  1- 3 |  4- 6 |  7- 9 | 10-12 | 13-15 || total
-------------------------+-------+-------+-------+-------+-------++-------
Melee: Hand axe          |   120 |   150 |   434 |    89 |       ||   793
       War axe           |       |       |       |   262 |       ||   262
       Broad axe         |       |       |       |   522 |  1416 ||  1938
       Morningstar       |       |       |       |     8 |    31 ||    39
Throw: Javelin           |       |       |    12 |    76 |    77 ||   165
       Tomahawk          |       |       |       |    57 |    52 ||   109
Invok: Berserk           |       |     7 |    11 |    15 |    21 ||    54
       Burn Spellbooks   |       |       |     1 |     1 |     3 ||     5
       Brothers in Arms  |       |       |       |     4 |    14 ||    18
       Trog's Hand       |       |       |       |       |     7 ||     7
 Abil: Fly               |       |       |       |       |     1 ||     1
  Use: Scroll            |     4 |     3 |     9 |    14 |     8 ||    38
       Potion            |       |     3 |     3 |       |     2 ||     8
  Eat: Chunk             |     1 |     6 |    12 |    30 |    34 ||    83
       Royal jelly       |     1 |     1 |     2 |       |     9 ||    13
       Bread ration      |       |     1 |     2 |       |     2 ||     5
       Fruit             |       |       |     3 |    14 |     4 ||    21
       Meat ration       |       |       |       |     3 |       ||     3
Armor: Animal skin       |    39 |    12 |       |       |       ||    51
       Ring mail         |       |    32 |       |       |       ||    32
       Chain mail        |       |     3 |   162 |    85 |       ||   250
       Plate armour      |       |       |       |   532 |   753 ||  1285
Dodge: Dodged            |    83 |    68 |    80 |   344 |   486 ||  1061
Block: Buckler           |       |    10 |    34 |       |       ||    44
       Shield            |       |       |    59 |   550 |   852 ||  1461

Table legend:
 A = Spawn XP
 B = Non-spawn XP
 C = Spawn XP percentage of total XP
 D = Spawn monster count
 E = Non-spawn monster count
 F = Spawn count percentage of total count
 G = Total turns spent on level
                    A         B        C        D         E        F      G
               +---------+---------+-------+---------+---------+-------+---------
         Total |       0 |  123276 |   0.0 |       0 |     657 |   0.0 | 30215
               +---------+---------+-------+---------+---------+-------+---------
           D:1 |       0 |      44 |   0.0 |       0 |      25 |   0.0 |  1270
           D:2 |       0 |      41 |   0.0 |       0 |      14 |   0.0 |  1519
           D:3 |       0 |     271 |   0.0 |       0 |      21 |   0.0 |  1112
           D:4 |       0 |     780 |   0.0 |       0 |      23 |   0.0 |  1695
           D:5 |       0 |    1348 |   0.0 |       0 |      28 |   0.0 |  1850
           D:6 |       0 |    1370 |   0.0 |       0 |      20 |   0.0 |  1030
           D:7 |       0 |     440 |   0.0 |       0 |       7 |   0.0 |   826
           D:8 |       0 |    2711 |   0.0 |       0 |      38 |   0.0 |  1517
           D:9 |       0 |    1740 |   0.0 |       0 |      15 |   0.0 |  1129
          D:10 |       0 |    2807 |   0.0 |       0 |      28 |   0.0 |   910
          D:11 |       0 |    6244 |   0.0 |       0 |      34 |   0.0 |  1263
          D:12 |       0 |    3462 |   0.0 |       0 |      30 |   0.0 |  1020
          D:13 |       0 |    9046 |   0.0 |       0 |      27 |   0.0 |  1819
          D:14 |       0 |   24472 |   0.0 |       0 |      57 |   0.0 |  1954
          D:15 |       0 |   13363 |   0.0 |       0 |      32 |   0.0 |  1115
        Lair:1 |       0 |    2587 |   0.0 |       0 |      11 |   0.0 |  1255
        Lair:2 |       0 |    3094 |   0.0 |       0 |      22 |   0.0 |  1227
        Lair:3 |       0 |    3914 |   0.0 |       0 |      27 |   0.0 |  1299
        Lair:4 |       0 |    3431 |   0.0 |       0 |      13 |   0.0 |  1047
        Lair:5 |       0 |    3014 |   0.0 |       0 |      12 |   0.0 |   977
        Lair:6 |       0 |   24040 |   0.0 |       0 |      94 |   0.0 |  2784
         Orc:1 |       0 |    4892 |   0.0 |       0 |      25 |   0.0 |   793
         Orc:2 |       0 |   10165 |   0.0 |       0 |      54 |   0.0 |   678
               +---------+---------+-------+---------+---------+-------+---------
